 Dungeon Crawl Stone Soup version 0.30.1 (webtiles) character file.

Game seed: 14630214858692335837

149341 croobank the Spry (level 16, -10/81 HPs)
             Began as a Felid Summoner on June 30, 2023.
             Was an Initiate of Gozag.
             Mangled by GimliDwarf's ghost (91 damage)
             ... on level 1 of the Shoals on July 1, 2023.
             The game lasted 05:26:53 (47813 turns).

croobank the Spry (Felid Summoner)                 Turns: 47813, Time: 05:26:54

Health: -10/81     AC:  3    Str:  4    XL:     16   Next: 66%
Magic:  17/36      EV: 31    Int: 30    God:    Gozag
Gold:   1320       SH:  5    Dex: 17    Spells: 5/46 levels left
                                        Lives:  0   Deaths: 3

rFire   . . .        (weapon unavailable)
rCold   + . .        (shield unavailable)
rNeg    . . .        (body armour unavailable)
rPois   .            (helmet unavailable)
rElec   .            (cloak unavailable)
rCorr   .            (gloves unavailable)
SInv    +            (boots unavailable)
Will    +++..        g - amulet of reflection
Stlth   +++          l - +6 ring of intelligence
HPRegen 0.33/turn    O - ring of willpower
MPRegen 0.25/turn

%: reflection
@: quick
A: very small, claws 1, fangs 3, see invisible, speed 1, shaggy fur 3, stealthy
paws, no weapons or thrown items, no armour, multi-lived
}: 1/15 runes: gossamer
a: Renounce Religion, Potion Petition, Call Merchant, Bribe Branch


You were on level 1 of the Shoals.
You worshipped Gozag.
Gozag was most pleased with you.
You visited 6 branches of the dungeon, and saw 28 of its levels.
You also visited: Trove, Bailey and Ice Cave.

You collected 11569 gold pieces.
You spent 4195 gold pieces at shops.
You paid 6054 gold pieces to Gozag.

Inventory:

Jewellery
 g - an amulet of reflection (around neck)
 l - a +6 ring of intelligence (left paw)
 m - a +6 ring of dexterity
 n - a +6 ring of strength
 q - a +5 ring of evasion
 r - a ring of resist corrosion
 w - a ring of protection from fire
 J - a ring of ice
 L - a ring of fire
 M - the ring "Elys" {rPois rF+++ EV+5}
   (You bought it in a shop on level 9 of the Dungeon)

   [ring of evasion]

   EV:        It affects your evasion (+5).
   rF:        It renders you almost immune to fire.
   rPois:     It protects you from poison.
 N - a ring of flight
 O - a ring of willpower (right paw)
Wands
 i - a wand of digging (1)
 s - a wand of iceblast (27)
 v - a wand of flame (18)
 B - a wand of light (4)
 I - a wand of mindburst (12)
 P - a wand of polymorph (6)
Scrolls
 a - 2 scrolls of blinking
 b - 22 scrolls of teleportation
 d - 4 scrolls of fog
 e - 3 scrolls of torment
 f - 2 scrolls of amnesia
 y - 3 scrolls of silence
 C - a scroll of poison
 E - 3 scrolls of vulnerability
 F - 3 scrolls of magic mapping
 G - 5 scrolls of fear
Potions
 c - 8 potions of lignification
 h - 2 potions of brilliance
 j - 6 potions of attraction
 k - 5 potions of mutation
 o - 18 potions of curing
 p - 2 potions of cancellation
 u - 4 potions of flight
 x - 4 potions of resistance
 z - 7 potions of ambrosia
 H - a potion of berserk rage
 K - 3 potions of might
Miscellaneous
 t - a phantom mirror (inert)
 A - a phial of floods


   Skills:
 - Level 15.0 Fighting
 - Level 19.0 Dodging
 - Level 4.0 Stealth
 - Level 15.6 Spellcasting
 - Level 5.0 Hexes
 - Level 16.7 Summonings
 * Level 6.7 Transmutations
 + Level 8.3 Air Magic


You had 5 spell levels left.
You knew the following spells:

 Your Spells              Type           Power      Damage    Failure   Level
c - Call Canine Familiar  Summ           89%        N/A       0%          3
d - Summon Guardian Gole  Hex/Summ       73%        N/A       1%          3
e - Summon Lightning Spi  Summ/Air       78%        N/A       1%          4
f - Summon Mana Viper     Hex/Summ       73%        N/A       1%          5
g - Summon Horrible Thin  Summ           44%        N/A       14%         8
h - Monstrous Menagerie   Summ           44%        N/A       1%          7
i - Summon Forest         Summ/Tloc      32%        N/A       1%          5
j - Summon Cactus Giant   Summ           44%        N/A       1%          6

Your spell library contained the following spells:

 Spells                   Type           Power      Damage    Failure   Level
 Summon Small Mammal      Summ           100%       N/A       0%          1
 Call Imp                 Summ           100%       N/A       0%          2
 Foxfire                  Conj/Fire      92%        2x1d8     1%          1
 Freeze                   Ice            92%        1d9       1%          1
 Kiss of Death            Conj/Necr      92%        2d12      1%          1
 Magic Dart               Conj           92%        1d7       1%          1
 Sandblast                Erth           46%        2d11      1%          1
 Shock                    Conj/Air       100%       1d9       1%          1
 Slow                     Hex            100%       N/A       1%          1
 Cigotuvi's Dreadful Rot  Necr/Pois/Air  80%        N/A       1%          2
 Passwall                 Tmut/Erth      35%        N/A       1%          2
 Poisonous Vapours        Pois/Air       96%        N/A       1%          2
 Confusing Touch          Hex            52%        N/A       1%          3
 Mephitic Cloud           Conj/Pois/Air  40%        N/A       1%          3
 Swiftness                Air            65%        N/A       1%          3
 Tukima's Dance           Hex            52%        N/A       1%          3
 Airstrike                Air            32%        2d(5-21)  1%          4
 Summon Ice Beast         Ice/Summ       65%        N/A       1%          4
 Dazzling Flash           Conj/Hex       76%        N/A       2%          3
 Cause Fear               Hex            26%        N/A       2%          4
 Blink                    Tloc           46%        N/A       3%          2
 Scorch                   Fire           46%        2d7       3%          2
 Searing Ray              Conj           46%        2d6       3%          2
 Sublimation of Blood     Necr           23%        N/A       3%          2
 Silence                  Hex/Air        29%        N/A       3%          5
 Ice Form                 Ice/Tmut       43%        N/A       4%          4
 Petrify                  Tmut/Erth      43%        N/A       4%          4
 Yara's Violent Unravell  Hex/Tmut       28%        3d12      4%          5
 Frozen Ramparts          Ice            46%        1d7       6%          3
 Hailstorm                Conj/Ice       23%        3d7       6%          3
 Stone Arrow              Conj/Erth      46%        3d9       6%          3
 Vampiric Draining        Necr           23%        2d7       6%          3
 Volatile Blastmotes      Fire/Tloc      46%        2d13      6%          3
 Anguish                  Hex/Necr       19%        N/A       7%          4
 Fulminant Prism          Conj/Hex       19%        3d10      7%          4
 Alistair's Intoxication  Tmut/Pois      28%        N/A       14%         5
 Irradiate                Conj/Tmut      21%        3d18      14%         5
 Dispel Undead            Necr           23%        3d12      21%         4
 Flame Wave               Conj/Fire      23%        2d8       21%         4
 Iskenderun's Mystic Bla  Conj/Tloc      23%        2d6       21%         4
 Manifold Assault         Tloc           23%        N/A       21%         4
 Passage of Golubria      Tloc           23%        N/A       21%         4
 Metabolic Englaciation   Hex/Ice        19%        N/A       21%         5
 Agony                    Necr           23%        N/A       50%         5
 Borgnjor's Vile Clutch   Necr/Erth      11%        N/A       50%         5
 Fireball                 Conj/Fire      11%        3d7       50%         5
 Lee's Rapid Deconstruct  Erth           11%        3d8*      50%         5
 Haunt                    Necr/Summ      32%        N/A       47%         7
 Malign Gateway           Summ/Tloc      32%        N/A       47%         7
 Spellforged Servitor     Conj/Summ      32%        N/A       47%         7
 Conjure Ball Lightning   Conj/Air       24%        3x3d7     50%         6
 Plasma Beam              Fire/Air       24%        2x1d39    50%         6
 Eringya's Noxious Bog    Tmut/Pois      21%        N/A       58%         6
 Storm Form               Tmut/Air       31%        N/A       58%         7
 Enfeeble                 Hex            26%        N/A       91%         7
 Death Channel            Necr           11%        N/A       97%         6
 Starburst                Conj/Fire      11%        6d5       97%         6
 Maxwell's Capacitive Co  Air            32%        ∞         99%         8
 Lehudib's Crystal Spear  Conj/Erth      11%        10d4      100%        8
 Fire Storm               Conj/Fire      11%        8d3       100%        9
 Animate Armour           Summ/Erth      Unusable   N/A       N/A         4

Dungeon Overview and Level Annotations

Branches:
Dungeon (15/15)            Temple (1/1) D:4            Lair (5/5) D:9
 Shoals (1/4) Lair:3       Spider (4/4) Lair:2        Slime (0/5) Lair:4
    Orc (2/2) D:11            Elf (0/3) Orc:2        Vaults (0/5) D:13
 Depths (0/4) D:15         Bailey (visited)           IceCv (visited)

Altars:
Elyvilon
Fedhas
Gozag
Sif Muna
Uskayaw
Wu Jian
Xom
Yredelemnul
Zin
Jiyva

Shops:
D:3 :   D:6 *   D:7 (   D:9 =   Orc:2 (*?=   Lair:2 *:*

Annotations:
Shoals:1 GimliDwarf's ghost, journeyman GnWn


Innate Abilities, Weirdness & Mutations

You have sharp claws.
You have razor-sharp teeth.
You have supernaturally acute eyesight. (SInv)
You cover ground quickly. (Speed+)
Your thick and shaggy fur keeps you warm. (AC +3, rC+)
Your paws help you pounce on unaware monsters.
You are incapable of wielding weapons or throwing items.
You cannot wear armour.
You gain extra lives every three experience levels.


Message History

Your mana viper bites the wind drake!!
The wind drake dies!
Your lightning spire disappears in a puff of smoke!
Your mana viper disappears in a puff of smoke!
Your cactus giant disappears in a puff of smoke!
Your lindwurm disappears in a puff of smoke!
Your manticore disappears in a puff of smoke!
a - 2 scrolls of blinking (gained 1)
You now have 1320 gold pieces (gained 13).
You enter the shallow water.
Moving in this stuff is going to be slow.
Splash!
You fall into the shallow water.
Moving in this stuff is going to be slow.
You enter the shallow water.
Moving in this stuff is going to be slow.
You enter the shallow water.
Moving in this stuff is going to be slow.
You enter the shallow water.
Moving in this stuff is going to be slow.
There is a shaft here.
Casting: Summon Cactus Giant (dangerous; 1% risk of failure)
Confirm with . or Enter, or press ? or * to list all spells.
Casting: Summon Cactus Giant (dangerous; 1% risk of failure)
Confirm with . or Enter, or press ? or * to list all spells.
You summon a manticore!
GimliDwarf's ghost turns its malevolent gaze towards you.
You open the large door.
Casting: Monstrous Menagerie (dangerous; 1% risk of failure)
Confirm with . or Enter, or press ? or * to list all spells.
You summon a manticore!
GimliDwarf's ghost casts a spell.
GimliDwarf's ghost emits a burst of electricity!
Your manticore is struck by an electric surge!!!
Your manticore is struck by an electric surge!!
Your cactus giant is struck by an electric surge!!
You are struck by an electric surge!!!!
Ouch! That really hurt!
You die...
Your body crumbles into a pile of gold.

≈≈≈≈≈≈≈≈≈≈~~...).....#...~~≈~~~..
≈≈≈≈≈≈≈≈≈~~~.........#....~~~~~~~
≈≈≈~~~≈≈≈~~~~~.......~~...~~~~~~~
≈~~~~~~~~~~~~~~..#######.....P~P~
~~~~~~~~~~~~~~.>.##~.###.##..~PP≈
~~~~~~~~~~~......#.≈#.##.#...PP≈≈
~~~~~~~~~~.......#.⌠.≈##...~..P≈≈
~~~~~~~~~~..(...C'HW.?~#...~P.P~≈
≈≈~~~≈≈~~.......@H)#~. #...PP~~~~
≈≈≈≈≈≈~~~........#.~≈§.###..~~~~~
≈≈~~~~~~~...^....#../### #..~~~~~
~~.###~~~.......>#.##.####.~~~~~~
~~..##~~~....P...#######...~~~~~.
~~....~~..P.P.PPP~~~~......~~~~..
~~~~~~~~~~...~P~~PP~P~~...~~~~~..
~~~~~~~......P~~~~~PPP~~~~~~~~~..
~~~~~~....P###P~~~PPP~~~~~~~~~~..


You could see GimliDwarf's ghost (ally target), 2 friendly manticores and a
friendly cactus giant (summoned).

Vanquished Creatures
  Asterion (Spider:1)
  Frances (Spider:1)
  Agnes (Spider:1)
  A ghost moth (Spider:1)
  A jorogumo (Spider:1)
  A skyshark (Lair:5)
  A sun moth (Spider:1)
  2 pharaoh ants
  3 wolf spiders (Spider:1)
  A black mamba (Lair:5)
  An elephant (Lair:2)
  A demonic crawler (Spider:1)
  A polar bear (IceCv)
  A merfolk (Shoals:1)
  7 blink frogs
  2 tarantellas (Spider:1)
  3 culicivoras (Spider:1)
  3 jumping spiders
  A water elemental (D:15)
  A yak (Lair:5)
  5 redbacks
  An ogre (D:5)
  3 wolves
  2 boggarts (D:15)
  5 electric eels
  A howler monkey (D:7)
  2 orc priests
  2 iguanas
  An orc (D:4)
  An endoplasm (D:1)
  2 giant cockroaches
  2 goblins (D:1)
  2 hobgoblins (D:1)
  2 jackals (D:1)
  A kobold (D:1)
  2 bats
  A frilled lizard (D:1)
  4 rats
73 creatures vanquished.

Vanquished Creatures (collateral kills)
  Arachne (Spider:3)
  Donald (Spider:4)
  9 emperor scorpions
  Aizul (Spider:4)
  3 ghost moths (Spider:4)
  A stone giant (D:15)
  A broodmother (Spider:4)
  Azrael (D:13)
  Snorg (D:10)
  2 spark wasps
  A merfolk impaler (Shoals:1)
  A great orb of eyes (D:9)
  7 entropy weavers
  The ghost of Urgle the Blocker, a journeyman GnFi of Cheibriados (D:11)
  A hydra (Lair:5)
  Harold (Orc:1)
  2 catoblepae
  2 ogre magi
  3 boulder beetles
  A merfolk avatar (Shoals:1)
  7 jorogumos
  A radroach (Spider:3)
  5 centaur warriors
  A tengu warrior (D:14)
  Erica (Lair:2)
  7 two-headed ogres
  A death yak (Lair:2)
  A death scarab (Spider:1)
  An orc high priest (Orc:1)
  Urug (D:13)
  6 skysharks
  11 pharaoh ants
  2 skeletal warriors (D:14)
  A sun moth (Spider:4)
  3 sea snakes (Shoals:1)
  6 orb spiders (Spider:4)
  8 steelbarb worms
  A deep elf zephyrmancer (D:13)
  A necromancer (D:13)
  3 deep elf pyromancers
  3 harpies (Shoals:1)
  5 fauns (Shoals:1)
  3 orc knights
  2 oklob plants (Spider:1)
  3 ugly things (D:14)
  3 cyclopes
  A manticore (shapeshifter) (D:9)
  25 wolf spiders
  4 moths of wrath
  5 manticores
  5 black mambas
  A merfolk siren (Shoals:1)
  2 elephants (Lair:2)
  4 demonic crawlers
  6 torpor snails
  17 cane toads
  An unseen horror (shapeshifter) (D:14)
  2 unseen horrors (D:11)
  2 kobold demonologists (D:14)
  An efreet (D:14)
  5 komodo dragons
  A tengu conjurer (D:14)
  A rime drake (Lair:4)
  A yaktaur (D:9)
  3 meliai (Spider:2)
  13 trolls
  4 polar bears
  2 tyrant leeches (Lair:5)
  4 wind drakes
  3 merfolk (Shoals:1)
  A hornet (D:11)
  16 tarantellas
  29 blink frogs
  38 jumping spiders
  7 slime creatures
  A shadow (D:11)
  A water elemental (Shoals:1)
  Sigmund (D:5)
  5 wraiths
  10 culicivoras
  3 wyverns
  26 yaks
  2 basilisks
  3 fire elementals (D:13)
  6 fire bats (Lair:5)
  2 steam dragons (D:9)
  5 vampire mosquitoes (Lair:5)
  41 redbacks
  4 wargs (Orc:1)
  10 water moccasins
  3 acid dragons
  2 hell hounds (D:13)
  29 orc warriors
  2 black bears
  8 ogres
  2 boggarts (D:15)
  19 centaurs
  43 wolves
  3 kobold brigands
  9 bullfrogs
  A scorpion (D:5)
  2 gnoll sergeants (Bailey)
  8 wights
  2 killer bees (D:9)
  4 howler monkeys
  A lava snake (Lair:5)
  7 hounds
  7 jellies
  7 orc priests
  A sleepcap (D:7)
  4 gnoll boudas
  5 iguanas
  18 orc wizards
  12 adders
  15 gnolls
  6 nameless horrors
  A shadow imp (D:8)
  11 white imps (D:11)
  2 worms
  61 orcs
  5 ball pythons
  4 endoplasms
  2 giant cockroaches (D:1)
  10 goblins
  5 hobgoblins
  A jackal (D:1)
  25 kobolds
  5 quokkas
  5 bats
  2 frilled lizards (D:2)
  3 rats
814 creatures vanquished.

Vanquished Creatures (others)
  Jorgrun (D:13)
  Louise (D:15)
  A hydra (D:14)
  2 two-headed ogres
  A death knight (D:15)
  A boulder beetle (Spider:1)
  A centaur warrior (D:14)
  3 death yaks (IceCv)
  A nameless horror (Shoals:1)
  3 skeletal warriors (D:14)
  A pharaoh ant (Spider:1)
  4 ugly things
  3 wolf spiders
  A moth of wrath (Spider:1)
  A manticore (Shoals:1)
  A merfolk siren (Shoals:1)
  A cane toad (shapeshifter) (D:13)
  A gargoyle (D:12)
  6 cane toads
  A torpor snail (Spider:1)
  2 komodo dragons
  A tengu conjurer (D:14)
  A rime drake (Lair:1)
  A tyrant leech (Lair:5)
  2 trolls
  2 polar bears (IceCv)
  A blink frog (Lair:4)
  A hornet (D:4)
  2 wyverns
  16 yaks
  2 water elementals (D:14)
  A redback (Spider:4)
  3 wargs (Orc:1)
  An acid dragon (D:8)
  An ice beast (D:7)
  5 orc warriors
  An ogre (D:5)
  4 wolves
  4 centaurs
  Blork the orc (D:5)
  2 bullfrogs
  A kobold brigand (D:7)
  7 gnoll sergeants (Bailey)
  A wight (D:7)
  2 killer bees (D:9)
  A jelly (Lair:4)
  3 gnoll boudas (Bailey)
  An iguana (D:5)
  2 orc wizards
  12 gnolls
  A white imp (D:11)
  A kobold (D:7)
  6 snaplasher vines
127 creatures vanquished.

Grand Total: 1014 creatures vanquished

Notes
Turn   | Place    | Note
-------+----------+-------------------------------------------
     0 | D:1      | croobank the Felid Summoner began the quest for the Orb.
     0 | D:1      | Reached XP level 1. HP: 7/7 MP: 4/4
   120 | D:1      | Reached skill level 3 in Dodging
   128 | D:1      | Reached XP level 2. HP: 5/11 MP: 6/6
   256 | D:1      | Learned a level 2 spell: Call Imp
   519 | D:1      | Reached XP level 3. HP: 13/14 MP: 1/7
   649 | D:1      | Learned a level 3 spell: Call Canine Familiar
  1366 | D:2      | Reached XP level 4. HP: 5/18 MP: 8/8
  2221 | D:3      | Reached skill level 1 in Fighting
  2333 | D:3      | Reached skill level 4 in Dodging
  2488 | D:3      | Reached XP level 5. HP: 16/22 MP: 6/10
  2516 | D:3      | Learned a level 3 spell: Summon Guardian Golem
  2571 | D:3      | Reached skill level 1 in Hexes
  2664 | D:3      | Found Akeudd's Book Boutique.
  3422 | D:4      | Found a staircase to the Ecumenical Temple.
  3494 | Temple   | Entered the Ecumenical Temple
  3497 | Temple   | Became a worshipper of Gozag Ym Sagoz the Greedy
  3604 | D:4      | Noticed a hornet
  3617 | D:4      | Killed a hornet
  3618 | D:4      | Reached skill level 5 in Summonings
  3618 | D:4      | Gained mutation: You are covered in thick fur. (AC +2)
                  | [Felid growth]
  3618 | D:4      | Reached XP level 6. HP: 27/27 MP: 1/12
  3904 | D:4      | Reached skill level 5 in Dodging
  4091 | D:5      | Entered Level 5 of the Dungeon
  4151 | D:5      | Reached XP level 7. HP: 30/30 MP: 3/13
  4239 | D:5      | Learned a level 4 spell: Summon Lightning Spire
  4369 | D:5      | Noticed Sigmund
  4389 | D:5      | Killed Sigmund
  4390 | D:5      | Reached skill level 1 in Air Magic
  4593 | D:5      | Reached skill level 6 in Dodging
  4593 | D:5      | Reached XP level 8. HP: 34/34 MP: 9/15
  4959 | D:5      | Noticed Blork the orc
  4975 | D:5      | Killed Blork the orc
  5345 | D:6      | Reached skill level 5 in Hexes
  5850 | D:6      | Killed from afar by a steam dragon
  5851 | D:6      | Reached XP level 7. HP: -9/32 MP: 1/14
  5972 | D:6      | Found Jegos's Assorted Antiques.
  5984 | D:6      | Bought an emerald potion for 23 gold pieces
  5984 | D:6      | Bought a dark potion for 23 gold pieces
  5984 | D:6      | Bought a scroll labelled UREZAX HORUO for 26 gold pieces
  5984 | D:6      | Bought a glowing iron wand for 104 gold pieces
  6280 | D:6      | Found a shimmering altar of Xom.
  6282 | D:6      | Found an ornate altar of the Wu Jian Council.
  6307 | D:6      | Noticed a nameless horror
  6495 | D:6      | Killed a nameless horror
  6503 | D:6      | Reached XP level 8. HP: 34/36 MP: 1/16
  6709 | D:7      | Found Byttet's Weapon Emporium.
  6710 | D:7      | Reached skill level 7 in Dodging
  6831 | D:7      | Found a flagged portal.
  6840 | Bailey   | Entered a bailey
  6854 | Bailey   | Reached skill level 5 in Spellcasting
  7059 | Bailey   | Reached skill level 5 in Fighting
  7130 | Bailey   | Reached XP level 9. HP: 36/40 MP: 10/17
  7154 | Bailey   | Reached skill level 5 in Air Magic
  7307 | Bailey   | Reached skill level 8 in Dodging
  7728 | Bailey   | Got Iruis's Vademecum on Creative Unholy Magic
  8102 | D:7      | Found a white marble altar of Elyvilon.
  8320 | D:7      | Learned a level 5 spell: Summon Mana Viper
  9445 | D:8      | Found a shimmering blue altar of Sif Muna.
  9546 | D:9      | Noticed a troll
  9621 | D:9      | Reached XP level 10. HP: 45/45 MP: 14/19
  9656 | D:9      | Identified the +1 quarterstaff "Recrolah" {venom, rC+ rCorr
                  | Str+3}
  9677 | D:9      | Found a blossoming altar of Fedhas.
 10040 | D:9      | Noticed a centaur warrior
 10040 | D:9      | Noticed a boulder beetle
 10041 | D:9      | Found a runed translucent door.
 10043 | D:9      | Noticed a great orb of eyes
 10043 | D:9      | Noticed a guardian serpent
 10043 | D:9      | Noticed an ogre mage
 10043 | D:9      | Noticed a centaur warrior
 10088 | D:9      | Reached skill level 9 in Dodging
 10400 | D:9      | Found a staircase to the Lair.
 10720 | D:9      | Found Qarcheej's Jewellery Shoppe.
 11009 | D:9      | Noticed an orb spider
 11044 | D:10     | Entered Level 10 of the Dungeon
 11530 | D:10     | Noticed Snorg
 11561 | D:10     | Killed Snorg
 11562 | D:10     | Reached skill level 10 in Dodging
 11781 | D:10     | Reached XP level 11. HP: 50/50 MP: 12/22
 11844 | D:10     | Found a hide-covered altar of Uskayaw.
 12342 | D:10     | Noticed a two-headed ogre
 12361 | D:10     | Killed a two-headed ogre
 12793 | D:11     | Found a transporter.
 12796 | D:11     | Found a transporter.
 12801 | D:11     | Noticed Urgle's ghost (journeyman GnFi)
 12824 | D:11     | Found a staircase to the Orcish Mines.
 12889 | D:11     | Found a frozen archway.
 13013 | IceCv    | Entered an ice cave
 13317 | IceCv    | Reached skill level 11 in Dodging
 13879 | IceCv    | Noticed a death yak
 13879 | IceCv    | Noticed a death yak
 13879 | IceCv    | Found the +4 skin of Zhor {*Englaciate rC+++ SInv}
 13882 | IceCv    | Noticed a death yak
 13932 | IceCv    | Killed a death yak
 13941 | IceCv    | Killed a death yak
 13941 | IceCv    | Killed a death yak
 14420 | IceCv    | Noticed a death yak
 14420 | IceCv    | Noticed an ironbound frostheart
 14420 | IceCv    | Noticed an ironbound frostheart
 14536 | D:11     | Identified the +0 robe of Nifaid {Str+6 Int+5 Dex-3}
 14643 | D:11     | Reached skill level 10 in Summonings
 14817 | D:11     | Reached skill level 12 in Dodging
 14817 | D:11     | Gained mutation: Your thick and shaggy fur keeps you warm.
                  | (AC +3, rC+) [Felid growth]
 14817 | D:11     | Reached XP level 12. HP: 56/56 MP: 16/25
 15033 | D:11     | Found a portal to a secret trove of treasure.
 15396 | D:12     | Reached skill level 10 in Spellcasting
 15396 | D:12     | Reached XP level 13. HP: 60/60 MP: 25/28
 15537 | D:12     | You fall into a shaft and drop 3 floors!
 15537 | D:15     | Entered Level 15 of the Dungeon
 15541 | D:15     | Found a staircase to the Depths.
 15541 | D:15     | Noticed a stone giant
 15606 | D:15     | Learned a level 4 spell: Summon Ice Beast
 15712 | D:15     | Found a viscous altar of Jiyva.
 17121 | D:12     | Reached skill level 13 in Dodging
 17200 | D:12     | Identified the +0 flail of Weniff {antimagic, rN++ Int-2
                  | Dex+5}
 17614 | D:12     | Identified the +2 ring mail of Untruth {rF+ rN+ Str+2}
 17682 | Lair:1   | Entered Level 1 of the Lair of Beasts
 17916 | Lair:1   | Reached skill level 10 in Fighting
 19443 | Lair:2   | Reached skill level 14 in Dodging
 19502 | Lair:2   | Reached XP level 14. HP: 66/66 MP: 7/30
 20339 | Lair:2   | Noticed Erica
 20347 | Lair:2   | Killed Erica
 20457 | Lair:2   | Found a hole to the Spider Nest.
 20815 | Lair:3   | Found a basalt altar of Yredelemnul.
 21211 | Lair:3   | Found a staircase to the Shoals.
 21883 | Lair:4   | Found a staircase to the Slime Pits.
 22651 | Lair:5   | Entered Level 5 of the Lair of Beasts
 22778 | Lair:5   | Reached skill level 15 in Dodging
 24124 | Lair:5   | Reached skill level 16 in Dodging
 25124 | D:13     | Reached XP level 15. HP: 60/73 MP: 6/32
 25277 | D:13     | Noticed Jorgrun
 25283 | D:13     | HP: 3/73 [constriction (17)]
 25297 | D:13     | Killed Jorgrun
 25455 | D:13     | Noticed Urug
 25465 | D:13     | Killed Urug
 25734 | D:9      | Bought the ring "Elys" {rPois rF+++ EV+5} for 986 gold
                  | pieces
 25858 | D:13     | Noticed Azrael
 25873 | D:13     | Killed Azrael
 26296 | D:13     | Found a gate to the Vaults.
 26494 | D:13     | Found a glowing silver altar of Zin.
 28989 | Orc:1    | Entered Level 1 of the Orcish Mines
 28989 | Orc:1    | Noticed Harold
 29009 | Orc:1    | Killed Harold
 29326 | Orc:2    | Entered Level 2 of the Orcish Mines
 29577 | Orc:1    | Reached skill level 17 in Dodging
 30519 | Orc:2    | Found a staircase to the Elven Halls.
 32146 | Orc:2    | Found Enosh's General Store.
 32146 | Orc:2    | Found Zucryfin's Magic Scroll Emporium.
 32148 | Orc:2    | Found Paept's Jewellery Shoppe.
 32150 | Orc:2    | Found Ebreev's Weapon Shop.
 32158 | Orc:2    | Bought a potion of heal wounds for 90 gold pieces
 32220 | Orc:2    | Bought a scroll of immolation for 60 gold pieces
 32220 | Orc:2    | Bought a scroll of magic mapping for 112 gold pieces
 32220 | Orc:2    | Bought a scroll of teleportation for 45 gold pieces
 32874 | D:15     | Noticed Louise
 33115 | D:9      | Bought a ring of willpower for 300 gold pieces
 33349 | D:15     | Killed Louise
 34757 | Lair:2   | Bought a potion of magic for 112 gold pieces
 34757 | Lair:2   | Bought a scroll of immolation for 56 gold pieces
 34757 | Lair:2   | Bought a wand of light (3) for 176 gold pieces
 34759 | Lair:2   | Bought a book of Beasts for 570 gold pieces
 34759 | Lair:2   | Bought an Inescapable Atlas for 480 gold pieces
 34767 | Lair:2   | Learned a level 7 spell: Monstrous Menagerie
 34769 | Spider:1 | Entered Level 1 of the Spider Nest
 34793 | Spider:1 | Noticed Agnes
 34805 | Spider:1 | Noticed Asterion
 34812 | Spider:1 | Killed Agnes
 34813 | Spider:1 | Reached skill level 1 in Transmutations
 34813 | Spider:1 | Noticed Frances
 34823 | Spider:1 | Killed Asterion
 34824 | Spider:1 | Reached XP level 16. HP: 30/78 MP: 13/34
 34825 | Spider:1 | HP: 4/117 [spore (9)]
 34826 | Spider:1 | Reached skill level 15 in Summonings
 34827 | Spider:1 | Killed by an exploding sun moth... ignited by their inner
                  | flame
 34827 | Spider:1 | Killed Frances
 34828 | Spider:1 | Reached XP level 15. HP: -4/111 MP: 14/33
 35336 | Spider:1 | Noticed an emperor scorpion
 35364 | Spider:1 | Slain by a culicivora
 35365 | Spider:1 | Reached XP level 14. HP: -3/71 MP: 3/32
 36009 | Lair:2   | Bought a book of Blasting for 480 gold pieces
 36296 | Lair:2   | Bought a potion of haste for 120 gold pieces
 36427 | D:11     | You paid a toll of 7 potions of haste to enter a treasure
                  | trove
 36428 | Trove    | Entered a treasure trove
 36462 | Trove    | Got Lehudib's Omnibus of Outbursts
 36465 | Trove    | Got Sif Muna's Handbook of Nightshade and Fascination
 36481 | Trove    | Got Ocaniky's Book of the Atmospheric Mausoleum
 36488 | Trove    | Got Sif Muna's Codex of the Band
 36542 | D:11     | Learned a level 5 spell: Summon Forest
 36550 | D:11     | Learned a level 6 spell: Summon Cactus Giant
 37572 | Spider:1 | Reached skill level 18 in Dodging
 37590 | Spider:1 | Noticed a ghost moth
 37797 | Spider:1 | Killed a ghost moth
 38381 | Spider:1 | Killed an emperor scorpion
 38518 | D:9      | Bought a +6 ring of intelligence for 432 gold pieces
 38520 | D:9      | Upgraded the game from 0.30.0-30-g96aa6591b8 to 0.30.1
 39289 | Spider:2 | Noticed an emperor scorpion
 39296 | Spider:2 | Killed an emperor scorpion
 40120 | Spider:2 | Reached XP level 15. HP: 75/75 MP: 9/34
 40121 | Spider:2 | Noticed an emperor scorpion
 40125 | Spider:2 | Killed an emperor scorpion
 40827 | Spider:2 | Learned a level 8 spell: Summon Horrible Things
 42385 | Spider:3 | Noticed Arachne
 42398 | Spider:3 | Killed Arachne
 42791 | Spider:4 | Entered Level 4 of the Spider Nest
 43135 | Spider:4 | Reached skill level 15 in Spellcasting
 43297 | Spider:3 | Reached skill level 19 in Dodging
 43404 | Spider:4 | Noticed Donald
 43574 | Spider:4 | Reached skill level 15 in Fighting
 44150 | Spider:4 | Killed Donald
 44151 | Spider:4 | Reached XP level 16. HP: 81/81 MP: 10/36
 45215 | Spider:4 | Noticed Aizul
 45234 | Spider:4 | Killed Aizul
 45387 | Spider:4 | Got a gossamer rune of Zot
 45756 | D:9      | Got the Incunabulum of Coordinates and Scree
 45974 | D:11     | Killed Urgle's ghost
 46172 | Shoals:1 | Entered Level 1 of the Shoals
 46198 | Shoals:1 | Reached skill level 5 in Transmutations
 46540 | Shoals:1 | Found a large runed translucent door.
 46694 | Shoals:1 | Found a large runed translucent door.
 47767 | Shoals:1 | Noticed GimliDwarf's ghost (journeyman GnWn)
 47813 | Shoals:1 | Mangled by GimliDwarf's ghost

Illustrated notes

Levels and vault maps discovered:
D:1:      dpeg_arrival_rooms_c, layout_basic, serial_glass, glass_columns_a,
          glass_columns_c, minmay_pentomino_s4
D:2:      layout_loops_ring
D:3:      layout_basic, serial_shops, shop, st_stairs_7, minivault_14
D:4:      layout_rooms, minmay_temple_entry_glassed_door,
          hangedman_decor_clover_reticule, kennysheep_donut, minivault_14
D:5:      layout_cave_pools, uniq_sigmund, uniq_blork_the_orc
D:6:      layout_loops_ring, nicolae_overflow_hidden_temple,
          nicolae_overflow_crystal_walls, serial_shops, shop
D:7:      layout_gridville, elyvilon_altar_1, serial_shops, shop,
          enter_bailey_8, nicolae_concentric_dashed_squares_wild
D:8:      layout_cave_pools, kennysheep_orc_sif_temple
D:9:      minmay_gate_of_8, layout_basic,
          mainiacjoe_overflow_concentric_impassable, erik_lair_island,
          serial_shops, nicolae_shop_gaudy_bauble
D:10:     layout_loops_ring, mainiacjoe_overflow_alcove_4, uniq_snorg
D:11:     layout_cave_pods, orc_0_dummy, gammafunk_ghost_arena, enter_trove_6,
          portal_ice_cave_entry_imps
D:12:     layout_loops_ring, kennysheep_small_spiral
D:13:     layout_roguey, david_vaults_1, zin_treasury, uniq_urug, uniq_jorgrun,
          uniq_azrael
D:14:     layout_stronghold, serial_park_tiny_2
D:15:     grunt_enter_depths_giant_problem, layout_basic,
          minmay_misc_feat_doors, jiyva_altar_1, uniq_louise
Temple:   nicolae_temple_hex_pool
Lair:1:   layout_regular_city, columned_hall_lemuel, grunt_megastairs_5,
          lemuel_fruit_fields
Lair:2:   layout_regular_city, dummy_spider_entry, uniq_erica
Lair:3:   layout_regular_city, minmay_shoals_entry_beasts, basic_altar,
          serial_bayou_shore_a, infiniplex_staircase_pool_2
Lair:4:   layout_gridlike, nicolae_slime_entry_slimehenge
Lair:5:   minmay_lair_end_frog_pond, layout_gridlike, enter_volcano_1,
          lemuel_fruit_tree
Shoals:1: layout_shoals, ebering_ghost_disaster_area
Spider:1: spider_temple_joshua, uniq_agnes, uniq_asterion, uniq_frances
Spider:2: nicolae_spider_hilbert_zone_5 [nicolae_spider_hilbert_3_sides_1_open,
          nicolae_spider_hilbert_4_sides_1_open,
          nicolae_spider_hilbert_4_sides_1_open,
          nicolae_spider_hilbert_6_sides_1_open,
          nicolae_spider_hilbert_6_sides_1_open]
Spider:3: layout_spider_delve, nicolae_spider_world_wide_web, uniq_arachne
Spider:4: grunt_spider_rune_circles, uniq_aizul, uniq_donald
Orc:1:    layout_caves, basic_altar, mines5_lemuel, uniq_harold
Orc:2:    st_orc_rangers, layout_diamond_mine

Skill      XL: |  1  2  3  4  5  6  7  8  9 10 11 12 13 14 15 16 |
---------------+-------------------------------------------------+-----
Dodging        | 3 4 5 6 7 8 10 12 14 18 19 | 19.0
Stealth        | 3 4 |  4.0
Fighting       | 1 2 3 5 7 8 9 10 14 15 | 15.0
Spellcasting   | 3 4 5 7 8 10 11 14 15 | 15.6
Hexes          | 2 3 4 5 |  5.0
Summonings     | 5 6 7 8 10 11 12 13 16 15 | 16.7
Air Magic      | 3 4 6 7 8 |  8.3
Transmutations | 2 6 |  6.7

Action                     |  1- 3 |  4- 6 |  7- 9 | 10-12 | 13-15 | 16-18 || total
---------------------------+-------+-------+-------+-------+-------+-------++-------
  Melee: Unarmed           |    55 |    13 |    53 |    40 |   136 |    18 ||   315
         Punch             |     2 |       |     2 |       |     1 |       ||     5
         Bite              |     5 |     1 |    11 |     8 |    27 |     3 ||    55
   Cast: Summon Small Mamm |    27 |    34 |    26 |    13 |    16 |       ||   116
         Call Imp          |    11 |    20 |    22 |    17 |    21 |       ||    91
         Call Canine Famil |     7 |    21 |    44 |    35 |    89 |       ||   196
         Summon Guardian G |       |     3 |    42 |    40 |   123 |     2 ||   210
         Summon Lightning  |       |       |    22 |    46 |   187 |    11 ||   266
         Summon Mana Viper |       |       |       |     3 |   114 |    15 ||   132
         Summon Ice Beast  |       |       |       |       |    46 |       ||    46
         Monstrous Menager |       |       |       |       |    93 |    41 ||   134
         Summon Cactus Gia |       |       |       |       |    30 |     9 ||    39
         Summon Forest     |       |       |       |       |    24 |     9 ||    33
         Summon Horrible T |       |       |       |       |     5 |     7 ||    12
 Invoke: Potion Petition   |       |       |     1 |       |     8 |     1 ||    10
         Call Merchant     |       |       |       |       |     3 |       ||     3
  Evoke: Wand              |       |       |     6 |    10 |    18 |    13 ||    47
         Phantom mirror    |       |       |       |       |     2 |     1 ||     3
    Use: Potion            |     1 |       |     4 |     1 |     9 |     4 ||    19
         Scroll            |       |       |    20 |     5 |    27 |     1 ||    53
   Stab: Sleeping          |     2 |     5 |     2 |     1 |     3 |       ||    13
         Distracted        |       |       |       |     2 |     5 |       ||     7
         Invisible         |       |       |       |       |     1 |     1 ||     2
 Armour: Skin              |     5 |     2 |     6 |     2 |     8 |     2 ||    25
  Dodge: Dodged            |    50 |    20 |   151 |    92 |   721 |    91 ||  1125
  Block: Other             |       |       |       |    11 |   131 |    10 ||   152
         Reflection        |       |       |       |       |    11 |     1 ||    12
